 Dungeon Crawl Stone Soup version 0.21.1-1-g345015f (webtiles) character file.

95 julzol the Ducker (level 4, 0/33 HPs)
             Began as a Vampire Gladiator on June 2, 2018.
             Succumbed to Terence's poison
             ... on level 2 of the Dungeon.
             The game lasted 00:15:28 (2000 turns).

julzol the Ducker (Vampire Gladiator)               Turns: 2000, Time: 00:15:29

Health: 0/33       AC: 12    Str: 14    XL:     4   Next: 39%
Magic:  4/4        EV: 21    Int: 10    God:
Gold:   144        SH:  0    Dex: 15    Spells: 3/3 levels left

rFire    . . .     SeeInvis +   (weapon currently unavailable)
rCold    . . .     Gourm    .   (shield currently unavailable)
rNeg     + + +     Faith    .   (armour currently unavailable)
rPois    +         Spirit   .   (helmet currently unavailable)
rElec    .         Reflect  .   (cloak currently unavailable)
rCorr    .         Harm     .   (gloves currently unavailable)
MR       .....                  (boots currently unavailable)
Stlth    ++........             (no amulet)
HPRegen  0.31/turn              (no ring)
MPRegen  0.09/turn              (no ring)

@: lethally poisoned (0 -> -15), fungus-form, regenerating quickly
A: tiny, see invisible
a: no special abilities


You were on level 2 of the Dungeon.
You were very full.
You were a sentient fungus.
You visited 1 branch of the dungeon, and saw 3 of its levels.

You collected 144 gold pieces.

Inventory:

Hand Weapons
 i - a +0 hunting sling
 k - a +0 short sword
 m - a +0 mace
 q - a +0 halberd
 r - a +0 hand axe (melded)
Missiles
 a - 18 arrows
 g - 60 stones (quivered)
 h - 2 tomahawks
 o - 13 bolts
Armour
 b - a +0 leather armour
 c - a +0 helmet
 f - a +0 ring mail (melded)
 n - a +0 helmet (melded)
Scrolls
 d - a scroll of enchant armour {unknown}
 s - a scroll of identify {unknown}
Potions
 e - a potion of blood
 j - a potion of heal wounds {unknown}
 l - a potion of lignification {unknown}
 p - a potion of flight {unknown}


   Skills:
 + Level 1.8 Fighting
 + Level 3.7 Axes
 + Level 1.7 Throwing
 + Level 1.5 Armour
 + Level 3.8 Dodging
 + Level 1.1 Stealth


You had 3 spell levels left.
You didn't know any spells.

Dungeon Overview and Level Annotations

Branches:
Dungeon (3/15)

Altars:
Nemelex Xobeh
Zin

Annotations:
D:1 Jessica
D:2 Terence


Innate Abilities, Weirdness & Mutations

Your natural rate of healing is unusually fast.
((You have razor-sharp teeth.))
You have supernaturally acute eyesight. (SInv)
((You can survive without breathing.))


Message History

You're too terrified to move while being watched!
You're too terrified to move while being watched!
You're too terrified to move while being watched!
You feel sick.
You feel sick. Terence hits you with a flail of venom.
You are lethally poisoned!
* * * LOW HITPOINT WARNING * * *
You feel sick.
* * * LOW HITPOINT WARNING * * *
You feel sick. Terence hits you with a flail of venom.
* * * LOW HITPOINT WARNING * * *
* * * LOW HITPOINT WARNING * * *
You feel sick. Terence says, "How do you enjoy it?"
Terence hits you with a flail of venom.
* * * LOW HITPOINT WARNING * * *
You are more poisoned.
* * * LOW HITPOINT WARNING * * *
You feel sick.
Terence zaps a wand.
You die...

#### ...#####
.......################
##.........[..>@f.....#
#####..#############..#
#.............# #..#
#.###..######.# #รท.#
.. #..## #.# #..# .
#...# #.# ##..### ##..#
#.# #.....# #..# #.#
#...#.#########
######..#
#.#####............).


You could see Terence.

Vanquished Creatures
  4 gnolls (D:2)
  An adder skeleton (D:2)
  A worm (D:2)
  2 dart slugs
  2 leopard geckos
  A ball python (D:1)
  8 bats
  7 giant cockroaches
  A goblin (D:2)
  4 hobgoblins
  3 kobolds
  4 frilled lizards
  8 rats
46 creatures vanquished.

Vanquished Creatures (others)
  A rat (D:3)
1 creature vanquished.

Grand Total: 47 creatures vanquished

Notes
Turn   | Place    | Note
-------+----------+-------------------------------------------
     0 | D:1      | julzol the Vampire Gladiator began the quest for the Orb.
     0 | D:1      | Reached XP level 1. HP: 16/16 MP: 1/1
   283 | D:1      | Reached XP level 2. HP: 22/22 MP: 2/2
   849 | D:1      | Reached skill level 1 in Stealth
   894 | D:2      | Noticed Jessica
  1108 | D:2      | Reached XP level 3. HP: 25/27 MP: 3/3
  1143 | D:2      | Reached skill level 1 in Armour
  1149 | D:2      | Reached XP level 4. HP: 20/33 MP: 4/4
  1402 | D:2      | Found a glowing silver altar of Zin.
  1728 | D:2      | Found a sparkling altar of Nemelex Xobeh.
  1965 | D:3      | Noticed Terence
  1999 | D:2      | HP: 1/33 [poisoned by Terence]
  2000 | D:2      | Succumbed to Terence's poison

Skill      XL: |  1  2  3 |
---------------+----------+-----
Axes           | 3 |  3.7
Stealth        | 1 |  1.1
Armour         | 1 |  1.5
Fighting       | |  1.8
Throwing       | |  1.7
Dodging        | |  3.8

Action                   |  1- 3 |  4- 6 || total
-------------------------+-------+-------++-------
Melee: War axe           |    75 |       ||    75
       Bite              |     3 |    11 ||    14
       Hand axe          |       |    70 ||    70
Throw: Throwing net      |     3 |     3 ||     6
       Stone             |       |     6 ||     6
  Use: Scroll            |     3 |     2 ||     5
  Eat: Corpse            |     8 |     6 ||    14
Armor: Leather armour    |    24 |       ||    24
       Ring mail         |    20 |    40 ||    60
Dodge: Dodged            |    99 |    61 ||   160
